Workbook

Sheet Sales
A1: Sales Tracker
A2: Blue text = cells you can edit. Black = formulas (do not overwrite). Replace the example row(s) with your own data.
A4: Date | B4: Order no. | C4: Customer | D4: Product | E4: Region | F4: Qty | G4: Unit price | H4: Unit cost | I4: Revenue | J4: Profit
A5: 46115 | B5: ORD-001 | C5: Example Customer | D5: Product A | E5: North | F5: 3 | G5: 1200 | H5: 800 | I5: =IF(OR(F5="",G5=""),"",F5*G5) -> 3600 | J5: =IF(OR(F5="",G5=""),"",F5*(G5-N(H5))) -> 1200
I6: =IF(OR(F6="",G6=""),"",F6*G6) | J6: =IF(OR(F6="",G6=""),"",F6*(G6-N(H6)))
I7: =IF(OR(F7="",G7=""),"",F7*G7) | J7: =IF(OR(F7="",G7=""),"",F7*(G7-N(H7)))
I8: =IF(OR(F8="",G8=""),"",F8*G8) | J8: =IF(OR(F8="",G8=""),"",F8*(G8-N(H8)))
I9: =IF(OR(F9="",G9=""),"",F9*G9) | J9: =IF(OR(F9="",G9=""),"",F9*(G9-N(H9)))
I10: =IF(OR(F10="",G10=""),"",F10*G10) | J10: =IF(OR(F10="",G10=""),"",F10*(G10-N(H10)))
I11: =IF(OR(F11="",G11=""),"",F11*G11) | J11: =IF(OR(F11="",G11=""),"",F11*(G11-N(H11)))
I12: =IF(OR(F12="",G12=""),"",F12*G12) | J12: =IF(OR(F12="",G12=""),"",F12*(G12-N(H12)))
I13: =IF(OR(F13="",G13=""),"",F13*G13) | J13: =IF(OR(F13="",G13=""),"",F13*(G13-N(H13)))
I14: =IF(OR(F14="",G14=""),"",F14*G14) | J14: =IF(OR(F14="",G14=""),"",F14*(G14-N(H14)))
I15: =IF(OR(F15="",G15=""),"",F15*G15) | J15: =IF(OR(F15="",G15=""),"",F15*(G15-N(H15)))
I16: =IF(OR(F16="",G16=""),"",F16*G16) | J16: =IF(OR(F16="",G16=""),"",F16*(G16-N(H16)))
I17: =IF(OR(F17="",G17=""),"",F17*G17) | J17: =IF(OR(F17="",G17=""),"",F17*(G17-N(H17)))
... I504: =IF(OR(F504="",G504=""),"",F504*G504) | J504: =IF(OR(F504="",G504=""),"",F504*(G504-N(H504)))

Sheet Summary
A1: Sales summary
A2: Type your own region and product names in blue. Set the year in B4.
A4: Year | B4: 2026
A6: Region | B6: Revenue | C6: Profit | E6: Month | F6: Revenue
A7: North | B7: =IF(A7="","",SUMIF(Sales!$E$5:$E$504,A7,Sales!$I$5:$I$504)) -> 3600 | C7: =IF(A7="","",SUMIF(Sales!$E$5:$E$504,A7,Sales!$J$5:$J$504)) -> 1200 | E7: =DATE($B$4,1,1) -> 46023 | F7: =SUMIFS(Sales!$I$5:$I$504,Sales!$A$5:$A$504,">="&DATE($B$4,1,1),Sales!$A$5:$A$504,"<"&DATE($B$4,1+1,1)) -> 0
A8: South | B8: =IF(A8="","",SUMIF(Sales!$E$5:$E$504,A8,Sales!$I$5:$I$504)) -> 0 | C8: =IF(A8="","",SUMIF(Sales!$E$5:$E$504,A8,Sales!$J$5:$J$504)) -> 0 | E8: =DATE($B$4,2,1) -> 46054 | F8: =SUMIFS(Sales!$I$5:$I$504,Sales!$A$5:$A$504,">="&DATE($B$4,2,1),Sales!$A$5:$A$504,"<"&DATE($B$4,2+1,1)) -> 0
A9: East | B9: =IF(A9="","",SUMIF(Sales!$E$5:$E$504,A9,Sales!$I$5:$I$504)) -> 0 | C9: =IF(A9="","",SUMIF(Sales!$E$5:$E$504,A9,Sales!$J$5:$J$504)) -> 0 | E9: =DATE($B$4,3,1) -> 46082 | F9: =SUMIFS(Sales!$I$5:$I$504,Sales!$A$5:$A$504,">="&DATE($B$4,3,1),Sales!$A$5:$A$504,"<"&DATE($B$4,3+1,1)) -> 0
A10: West | B10: =IF(A10="","",SUMIF(Sales!$E$5:$E$504,A10,Sales!$I$5:$I$504)) -> 0 | C10: =IF(A10="","",SUMIF(Sales!$E$5:$E$504,A10,Sales!$J$5:$J$504)) -> 0 | E10: =DATE($B$4,4,1) -> 46113 | F10: =SUMIFS(Sales!$I$5:$I$504,Sales!$A$5:$A$504,">="&DATE($B$4,4,1),Sales!$A$5:$A$504,"<"&DATE($B$4,4+1,1)) -> 3600
B11: =IF(A11="","",SUMIF(Sales!$E$5:$E$504,A11,Sales!$I$5:$I$504)) | C11: =IF(A11="","",SUMIF(Sales!$E$5:$E$504,A11,Sales!$J$5:$J$504)) | E11: =DATE($B$4,5,1) -> 46143 | F11: =SUMIFS(Sales!$I$5:$I$504,Sales!$A$5:$A$504,">="&DATE($B$4,5,1),Sales!$A$5:$A$504,"<"&DATE($B$4,5+1,1)) -> 0
B12: =IF(A12="","",SUMIF(Sales!$E$5:$E$504,A12,Sales!$I$5:$I$504)) | C12: =IF(A12="","",SUMIF(Sales!$E$5:$E$504,A12,Sales!$J$5:$J$504)) | E12: =DATE($B$4,6,1) -> 46174 | F12: =SUMIFS(Sales!$I$5:$I$504,Sales!$A$5:$A$504,">="&DATE($B$4,6,1),Sales!$A$5:$A$504,"<"&DATE($B$4,6+1,1)) -> 0
A13: Total (regions listed) | B13: =SUM(B7:B12) -> 3600 | C13: =SUM(C7:C12) -> 1200 | E13: =DATE($B$4,7,1) -> 46204 | F13: =SUMIFS(Sales!$I$5:$I$504,Sales!$A$5:$A$504,">="&DATE($B$4,7,1),Sales!$A$5:$A$504,"<"&DATE($B$4,7+1,1)) -> 0
E14: =DATE($B$4,8,1) -> 46235 | F14: =SUMIFS(Sales!$I$5:$I$504,Sales!$A$5:$A$504,">="&DATE($B$4,8,1),Sales!$A$5:$A$504,"<"&DATE($B$4,8+1,1)) -> 0
A15: Product | B15: Revenue | C15: Profit | E15: =DATE($B$4,9,1) -> 46266 | F15: =SUMIFS(Sales!$I$5:$I$504,Sales!$A$5:$A$504,">="&DATE($B$4,9,1),Sales!$A$5:$A$504,"<"&DATE($B$4,9+1,1)) -> 0
A16: Product A | B16: =IF(A16="","",SUMIF(Sales!$D$5:$D$504,A16,Sales!$I$5:$I$504)) -> 3600 | C16: =IF(A16="","",SUMIF(Sales!$D$5:$D$504,A16,Sales!$J$5:$J$504)) -> 1200 | E16: =DATE($B$4,10,1) -> 46296 | F16: =SUMIFS(Sales!$I$5:$I$504,Sales!$A$5:$A$504,">="&DATE($B$4,10,1),Sales!$A$5:$A$504,"<"&DATE($B$4,10+1,1)) -> 0
A17: Product B | B17: =IF(A17="","",SUMIF(Sales!$D$5:$D$504,A17,Sales!$I$5:$I$504)) -> 0 | C17: =IF(A17="","",SUMIF(Sales!$D$5:$D$504,A17,Sales!$J$5:$J$504)) -> 0 | E17: =DATE($B$4,11,1) -> 46327 | F17: =SUMIFS(Sales!$I$5:$I$504,Sales!$A$5:$A$504,">="&DATE($B$4,11,1),Sales!$A$5:$A$504,"<"&DATE($B$4,11+1,1)) -> 0
A18: Product C | B18: =IF(A18="","",SUMIF(Sales!$D$5:$D$504,A18,Sales!$I$5:$I$504)) -> 0 | C18: =IF(A18="","",SUMIF(Sales!$D$5:$D$504,A18,Sales!$J$5:$J$504)) -> 0 | E18: =DATE($B$4,12,1) -> 46357 | F18: =SUMIFS(Sales!$I$5:$I$504,Sales!$A$5:$A$504,">="&DATE($B$4,12,1),Sales!$A$5:$A$504,"<"&DATE($B$4,12+1,1)) -> 0
B19: =IF(A19="","",SUMIF(Sales!$D$5:$D$504,A19,Sales!$I$5:$I$504)) | C19: =IF(A19="","",SUMIF(Sales!$D$5:$D$504,A19,Sales!$J$5:$J$504)) | E19: Year total | F19: =SUM(F7:F18) -> 3600
B20: =IF(A20="","",SUMIF(Sales!$D$5:$D$504,A20,Sales!$I$5:$I$504)) | C20: =IF(A20="","",SUMIF(Sales!$D$5:$D$504,A20,Sales!$J$5:$J$504))
B21: =IF(A21="","",SUMIF(Sales!$D$5:$D$504,A21,Sales!$I$5:$I$504)) | C21: =IF(A21="","",SUMIF(Sales!$D$5:$D$504,A21,Sales!$J$5:$J$504))
A22: Total (products listed) | B22: =SUM(B16:B21) -> 3600 | C22: =SUM(C16:C21) -> 1200
